 Dungeon Crawl Stone Soup version 0.29.0-11-gd7f09526c8 (webtiles) character file.

Game seed: 5740243028267845535

30 RascalDebosk the Trooper (level 3, -1/49 HPs)
             Began as a Minotaur Berserker on Sept 6, 2022.
             Was a Follower of Trog.
             Slain by Sigmund
             ... wielding a +1 scythe of protection
              (8 damage)
             ... on level 2 of the Dungeon.
             The game lasted 00:05:15 (972 turns).

RascalDebosk the Trooper (Minotaur Berserker)        Turns: 972, Time: 00:05:16

Health: -1/49      AC:  2    Str: 23    XL:     3   Next: 5%
Magic:  2/2        EV: 12    Int:  4    God:    Trog [*.....]
Gold:   69         SH:  0    Dex:  9    Spells: 2/2 levels left

rFire   . . .      SeeInvis .   a - +0 hand axe
rCold   . . .      Faith    .   (no shield)
rNeg    . . .      Spirit   .   b - +0 animal skin
rPois   .          Reflect  .   (helmet restricted)
rElec   .          Harm     .   (no cloak)
rCorr   .          Rampage  .   (no gloves)
Will    .....                   (no boots)
Stlth   ..........              (no amulet)
HPRegen 0.16/turn               (no ring)
MPRegen 0.08/turn               (no ring)

@: berserking (expiring), very quick
A: horns 2, retaliatory headbutt
a: Renounce Religion, Berserk


You were on level 2 of the Dungeon.
You worshipped Trog.
Trog was aware of your devotion.
You visited 1 branch of the dungeon, and saw 2 of its levels.

You collected 69 gold pieces.

Inventory:

Hand Weapons
 a - a +0 hand axe (weapon)
Missiles
 l - 2 poisoned darts (quivered)
Armour
 b - a +0 animal skin (worn)
Scrolls
 c - a scroll of teleportation {unknown}
 g - a scroll of silence {unknown}
 m - a scroll of blinking {unknown}
 n - a scroll of immolation {unknown}
Potions
 d - a potion of ambrosia {unknown}
 e - a potion of heal wounds {unknown}
 f - a potion of attraction {unknown}
 h - a potion of lignification {unknown}
 i - a potion of curing {unknown}
 j - a potion of might {unknown}
 k - a potion of invisibility {unknown}


   Skills:
 + Level 4.0 Fighting
 + Level 4.0 Axes
 + Level 1.0 Throwing
 + Level 2.8 Armour
 - Level 2.1 Dodging
 + Level 0.8 Evocations


You had 2 spell levels left.
You didn't know any spells.
Your spell library was empty.

Dungeon Overview and Level Annotations

Branches:
Dungeon (2/15)

Altars:

Annotations:
D:2 Sigmund


Innate Abilities, Weirdness & Mutations

You have a pair of horns on your head.
You reflexively headbutt those who attack you in melee.


Message History

The kobold shouts!
A rat comes into view.
You hit the kobold.
You kill the kobold!
Trog accepts your kill.
You hear a splash. x2
You hit the plant.
The plant begins to die.
You hit the plant but do no damage. Something hits you!
The rat bites the plant.
The plant begins to die.
You hear a zap.
Some rock shatters into small pieces.
The rat bites the plant.
The plant begins to die.
The rat bites the plant.
A nearby plant withers and dies.
A nearby plant withers and dies.
You see here a scroll labelled AZETRYCET.
n - a scroll labelled AZETRYCET A nearby plant withers and dies.
The rat barely misses you.
You hit the rat.
You kill the rat!
Trog accepts your kill.
You hit the plant.
The plant begins to die.
You hit the plant.
The plant begins to die.
You hit the plant.
The plant begins to die.
Something hits you!
You see here a rat corpse.
Something hits you.
A red film seems to cover your vision as you go berserk!
You feel yourself moving faster!
You feel mighty!
A nearby plant withers and dies.
Something hits you.
* * * LOW HITPOINT WARNING * * *
You slash something! You slash the plant!
A nearby plant withers and dies. x2
You miss something. Something hits you!
* * * LOW HITPOINT WARNING * * *
You slash something! Your headbutt misses something.
You closely miss something. Your headbutt misses something.
Something hits you but does no damage.
You miss something. You hit something but do no damage. Something hits you!
You die...

############ #..........#
......P....# .P.P~~P....#
.P.~~≈~....# ######
.♣~≈≈~~~..†##.########.....
.≈~~≈~≈≈P{@................
.≈~≈≈≈≈~~...##########.....
~≈~~≈≈≈~)..## #.....
~.~~≈≈~~..## #....#
...~~~~...# #....#
....~~~.... #....#
PP~~...P. #....# .........
#....# .......... #....#


There were no monsters in sight!

Vanquished Creatures
  A dart slug (D:1)
  A ball python (D:1)
  2 endoplasms (D:1)
  A goblin (D:1)
  A hobgoblin (D:1)
  6 jackals (D:1)
  4 quokkas
  A frilled lizard (D:1)
  2 kobolds
  7 rats
26 creatures vanquished.

Vanquished Creatures (others)
  7 plants (D:2)
7 creatures vanquished.

Grand Total: 33 creatures vanquished

Notes
Turn   | Place    | Note
-------+----------+-------------------------------------------
     0 | D:1      | RascalDebosk the Minotaur Berserker began the quest for the
                  | Orb.
     0 | D:1      | Reached XP level 1. HP: 19/19 MP: 0/0
   120 | D:1      | Reached XP level 2. HP: 9/27 MP: 1/1
   849 | D:1      | Reached skill level 1 in Throwing
   876 | D:2      | Reached XP level 3. HP: 27/33 MP: 2/2
   945 | D:2      | Noticed Sigmund
   972 | D:2      | Slain by Sigmund

Illustrated notes

Levels and vault maps discovered:
D:1:      roderic_chinese_lattice_arrival, layout_basic, st_stairs_2,
          feat_on_display
D:2:      layout_basic, hellmonk_ecumenical_altar_slurped_away, serial_glass,
          glass_columns_b, glass_columns_c, feat_on_display, item_on_display_a,
          minmay_strange_pillars, guppyfry_early_lair_pool, uniq_sigmund

Skill      XL: |  1  2 |
---------------+-------+-----
Fighting       | 4 |  4.0
Throwing       | 1 |  1.0
Axes           | 4 |  4.0
Armour         | |  2.8
Dodging        | |  2.1
Evocations     | |  0.8

Action                   || total
-------------------------++-------
Melee: Hand axe          ||    45
       Headbutt          ||     5
       Punch             ||     1
Throw: Dart              ||     2
Invok: Berserk           ||     1
Armor: Animal skin       ||    12
Dodge: Dodged            ||    21
